 Dungeon Crawl Stone Soup version bcrawl-1.27.7 (webtiles) character file.

Game seed: 210863680159591695

184764 MisterOstroum the Chiller (level 7, -12/50 HPs)
             Began as a Merfolk Wanderer on Oct 25, 2020.
             Engulfed by a cloud of flame (22 damage)
             ... on level 4 of the Dungeon.
             The game lasted 00:09:40 (4254 turns).

MisterOstroum the Chiller (Merfolk Wanderer)        Turns: 4254, Time: 00:09:41

Health: -12/50     AC:  5    Str: 12    XL:     7   Next: 37%
Magic:  10/12      EV: 12    Int: 17    God:
Gold:   178        SH:  0    Dex: 13    Spells: 4/13 levels left

rFire    . . .     SeeInvis .   a - +2 trident (flame)
rCold    . . .     Gourm    .   (no shield)
rNeg     . . .     Faith    .   w - +0 leather armour
rPois    .         Spirit   .   c - +1 hat {Int+3}
rElec    .         Reflect  .   (no cloak)
rCorr    .         Harm     .   (no gloves)
MR       .....                  l - +0 pair of boots
Stlth    ++++......             p - amulet of rage
HPRegen  0.16/turn              x - ring of stealth
MPRegen  0.13/turn              (no ring)

@: no status effects
A: change form in water, swift swim, stealthy swim
a: Evoke Berserk Rage


You were on level 4 of the Dungeon.
You were not hungry.

You visited 1 branch of the dungeon, and saw 4 of its levels.

You collected 178 gold pieces.

Inventory:

Hand Weapons
 a - a +2 trident of flaming (weapon)
 b - a +0 halberd
 f - a +0 dagger
 D - a +0 spear
Missiles
 k - 535 arrows
 o - 136 poisoned needles
 q - 95 javelins
 r - 465 sling bullets
 y - 283 stones (quivered)
Armour
 c - a +1 hat of intelligence (worn)
 d - a +0 robe
 l - a +0 pair of boots (worn)
 w - a +0 leather armour (worn)
Jewellery
 p - an amulet of rage (around neck)
 x - a ring of stealth (left hand)
Wands
 t - a wand of random effects (8)
Scrolls
 h - 3 scrolls of amnesia
 j - 5 scrolls of immolation
 m - a scroll of teleportation {@r3 !r}
 n - 2 scrolls of identify {@r1}
 s - a scroll of remove curse {@r2}
 v - a scroll of fog {unknown}
Potions
 g - a potion of brilliance {unknown}
 i - a potion of agility {unknown}
 u - a potion of heal wounds {@q2 !q}
 z - a potion of invisibility {unknown}
 A - 2 potions of curing {unknown}
Comestibles
 e - 10 rations {!d}
 C - 4 chunks of flesh


   Skills:
 - Level 2.1 Fighting
 * Level 4.1 Polearms
 - Level 3.0 Dodging
 - Level 2.4 Stealth
 - Level 3.7 Spellcasting
 + Level 2.0 Conjurations
 * Level 4.5 Ice Magic
   Level 1.0 Earth Magic
 - Level 3.0 Evocations


You had 4 spell levels left.
You knew the following spells:

 Your Spells              Type           Power        Failure   Level  Hunger
a - Freeze                Ice            ###...       3%          1    None
b - Throw Frost           Conj/Ice       ##....       3%          2    None
c - Throw Icicle          Conj/Ice       ##......     45%         4    #####..
B - Blink                 Tloc           N/A          30%         2    None

Your spell library contained the following spells:

 Spells                   Type           Power        Failure   Level  Hunger
 Magic Dart               Conj           ##..         9%          1    None
 Ozocubu's Armour         Chrm/Ice       ##......     24%         3    ###....
 Call Imp                 Summ           #.....       30%         2    None
 Conjure Flame            Conj/Fire      #.......     38%         3    ###....
 Mephitic Cloud           Conj/Pois/Air  #.......     43%         3    ###....
 Spider Form              Tmut/Pois      #..          52%         3    ###....
 Ice Form                 Ice/Tmut       ##......     63%         4    #####..
 Summon Ice Beast         Ice/Summ       ##......     63%         4    #####..


Dungeon Overview and Level Annotations

Branches:
Dungeon (4/12)
 Temple: D:4-7

Altars:
Dithmenos
Wu Jian

Annotations:
D:4 Grinder


Message History

The puff of frost hits Grinder.
Grinder completely resists.
Unknown command.
Casting: Throw Frost (safe; 3% risk of failure)
Confirm with . or Enter, or press ? or * to list all spells.
You blink.
A hound comes into view.
Grinder blinks!
The hound misses you.
Found a stone staircase leading down.
Casting: Blink (safe; 30% risk of failure)
Confirm with . or Enter, or press ? or * to list all spells.
Aiming: Freeze (safe; 3% risk of failure)
Press: ? - help, Shift-Dir - straight line, f - hound
Aim: a hound You freeze the hound.
The hound is lightly wounded.
The hound bites you.
A hound comes into view.
The hound bites you.
The hound barks!
You puncture the hound! You burn the hound.
The hound is severely wounded.
The hound bites you.
The hound pauses to sniff the ground.
The hound bites you. x2
The hound misses you. The hound misses you.
Attack whom?
Press: ? - help, Dir - move target cursor, f - Grinder, p - hound
Aim: Grinder The hound is in the way.
You hit the hound. You burn the hound.
The hound is almost dead.
The hound bites you but does no damage. The hound misses you.
You barely miss the hound.
The hound is almost dead.
The hound barely misses you.
Grinder blinks!
Evoke which item? (* to show all) (? for menu, Esc to quit)
Aiming: Random Effects
Press: ? - help, Shift-Dir - straight line, f - hound
Aim: a hound (almost dead)
The hound is filled with an inner flame.
The hound barely misses you. The hound closely misses you.
The bullfrog skeleton hits you but does no damage.
Grinder blinks!
You hit the bullfrog skeleton but do no damage.
The hound barely misses you. The bullfrog skeleton hits you.
The hound bites you but does no damage.
You hit the bullfrog skeleton. You burn the bullfrog skeleton.
The bullfrog skeleton is lightly damaged.
The bullfrog skeleton hits you! The hound bites you but does no damage.
The bullfrog skeleton closely misses you.
The hound closely misses you.
You puncture the bullfrog skeleton! You burn the bullfrog skeleton.
The bullfrog skeleton is moderately damaged.
The hound misses you.
The bullfrog skeleton closely misses you.
You completely miss the bullfrog skeleton.
The bullfrog skeleton is moderately damaged.
The hound barely misses you.
The bullfrog skeleton closely misses you.
The hound bites you.
Grinder blinks!
The bullfrog skeleton hits you but does no damage.
You puncture the bullfrog skeleton! You burn the bullfrog skeleton.
The bullfrog skeleton is severely damaged.
The hound barely misses you.
The bullfrog skeleton hits you but does no damage.
The hound bites you but does no damage.
You hit the bullfrog skeleton.
The bullfrog skeleton is severely damaged.
The bullfrog skeleton closely misses you.
The hound barely misses you.
You barely miss the bullfrog skeleton.
The bullfrog skeleton is severely damaged.
The hound closely misses you.
The bullfrog skeleton closely misses you.
The hound barely misses you.
The bullfrog skeleton closely misses you.
You hit the bullfrog skeleton. You burn the bullfrog skeleton.
You destroy the bullfrog skeleton!
Your Conjurations skill increases to level 2!
The hound bites you. The hound bites you but does no damage.
It was a potion of heal wounds.
You feel much better. The hound misses you. The hound barely misses you.
You hit the hound but do no damage.
The hound is almost dead.
The hound bites you.
You barely miss the hound.
The hound is almost dead.
The hound bites you but does no damage. The hound closely misses you.
You puncture the hound! You burn the hound.
The hound explodes!
The fiery explosion engulfs the hound!!!
You kill the hound!
The fiery explosion engulfs you!!!
Ouch! That really hurt!
* * * LOW HITPOINT WARNING * * *
Training target 3.0 for Dodging reached!
Your Polearms skill increases to level 4!
Your Dodging skill increases to level 3!
You are engulfed in blazing flames.
You die...

...........
.....>##. .. #.#
#..#.##. #..
#.#.# #..#.##.
#.. #.#.#
#.....#.## #..
#.#.# ##5#.....##
#.. #.#.#
#§#..###.## #..
#.#.# #§#.##
##.######..
#.#.######@#5#
#.........
##.#........#..
#.######..
#..............
### ##.
#<.#.#.#######.
#. #.............
#.
###..#.#.######
#. .....#.#.# #.
###......########
#.
#.##...........
##


You could see Grinder.

Vanquished Creatures
  A sky beast (D:4)
  3 hounds
  A bullfrog skeleton (D:4)
  3 orc priests (D:3)
  2 gnoll shamans (D:3)
  An orc wizard (D:3)
  5 adders (D:3)
  7 gnolls
  3 oozes
  A dart slug (D:1)
  4 leopard geckos (D:1)
  8 orcs (D:3)
  4 bats
  4 giant cockroaches (D:1)
  9 hobgoblins
  6 kobolds
  4 quokkas
  2 ball pythons (D:1)
  9 frilled lizards
  4 goblins
  6 rats
87 creatures vanquished.

Notes
Turn   | Place    | Note
-------+----------+-------------------------------------------
     0 | D:1      | MisterOstroum the Merfolk Wanderer began the quest for the
                  | Orb.
     0 | D:1      | MisterOstroum set off with the following items: a +0 spear,
                  | a +0 robe, a ration {!d}, a +0 dagger; and the following
                  | spells available to memorise: Throw Frost, Freeze, Magic
                  | Dart, Blink, Call Imp, Ozocubu's Armour, Conjure Flame,
                  | Mephitic Cloud, Spider Form, Ice Form, Summon Ice Beast,
                  | Throw Icicle
     0 | D:1      | Reached XP level 1. HP: 15/15 MP: 4/4
     2 | D:1      | Learned a level 1 spell: Freeze
   134 | D:1      | Reached XP level 2. HP: 14/22 MP: 6/6
   153 | D:1      | Learned a level 2 spell: Throw Frost
   561 | D:1      | Reached XP level 3. HP: 27/27 MP: 1/7
  2221 | D:3      | Reached XP level 4. HP: 31/33 MP: 0/9
  2456 | D:3      | Learned a level 2 spell: Blink
  2461 | D:3      | Learned a level 4 spell: Throw Icicle
  2464 | D:3      | Reached skill level 1 in Conjurations
  2650 | D:3      | Reached XP level 5. HP: 37/38 MP: 4/10
  2791 | D:3      | Reached skill level 1 in Dodging
  2938 | D:3      | Found a shadowy altar of Dithmenos.
  2938 | D:3      | Found an ornate altar of the Wu Jian Council.
  3182 | D:3      | Reached XP level 6. HP: 22/44 MP: 6/11
  4044 | D:4      | Noticed a sky beast
  4051 | D:4      | Killed a sky beast
  4051 | D:4      | Reached XP level 7. HP: 50/50 MP: 2/12
  4229 | D:4      | Noticed Grinder
  4254 | D:4      | Engulfed by a cloud of flame

Skill      XL: |  1  2  3  4  5  6  7 |
---------------+----------------------+-----
Polearms       | 2 3 4 |  4.1
Fighting       | 2 |  2.1
Ice Magic      | 2 3 4 |  4.5
Conjurations   | 1 2 |  2.0
Dodging        | 1 2 3 |  3.0
Evocations     | 2 3 |  3.0
Stealth        | |  2.4
Spellcasting   | |  3.7
Earth Magic    | |  1.0

Action                   |  1- 3 |  4- 6 |  7- 9 || total
-------------------------+-------+-------+-------++-------
Melee: Spear             |    51 |    65 |       ||   116
       Trident           |       |       |    14 ||    14
Throw: Javelin           |     5 |     5 |       ||    10
       Stone             |       |     6 |       ||     6
 Cast: Freeze            |    31 |    42 |     2 ||    75
       Throw Frost       |    23 |    39 |    11 ||    73
       Blink             |       |       |     1 ||     1
Evoke: Wand              |       |       |     1 ||     1
  Use: Scroll            |       |     5 |       ||     5
       Potion            |       |       |     1 ||     1
 Stab: Sleeping          |     3 |     2 |       ||     5
  Eat: Chunk             |     6 |    11 |     1 ||    18
Armor: Robe              |    11 |     1 |       ||    12
       Leather armour    |       |    20 |     9 ||    29
Dodge: Dodged            |    26 |    35 |    24 ||    85
